 Dungeon Crawl Stone Soup version 0.27-a0-972-gd1521fd518 (webtiles) character file.

Game seed: 1762689496756191676

2244 mhtbhm the Geomancer (level 9, -2/50 HPs)
             Began as a Gargoyle Earth Elementalist on Apr 13, 2021.
             Was a Follower of Vehumet.
             Shot with an arrow by a centaur (5 damage)
             ... on level 7 of the Dungeon.
             The game lasted 00:13:39 (7890 turns).

mhtbhm the Geomancer (Gargoyle Earth Elementalist)  Turns: 7890, Time: 00:13:39

Health: -2/50      AC: 11    Str: 13    XL:     9   Next: 37%
Magic:  1/19       EV: 12    Int: 18    God:    Vehumet [*.....]
Gold:   287        SH:  0    Dex: 10    Spells: 6/21 levels left

rFire    + . .     SeeInvis .   a - staff of conjuration
rCold    . . .     Faith    .   (no shield)
rNeg     + . .     Spirit   .   c - +1 robe
rPois    ∞         Reflect  .   (no helmet)
rElec    +         Harm     .   (no cloak)
rCorr    .         Rampage  .   o - +0 pair of gloves
Will     +....                  d - +0 pair of boots
Stlth    ++........             (no amulet)
HPRegen  0.16/turn              m - ring of protection from fire
MPRegen  0.16/turn              u - ring of willpower

@: invisible
A: AC +6, negative energy resistance 1, electricity resistance, torment
resistance 1, unbreathing 1, petrification resistance
a: Renounce Religion


You were on level 7 of the Dungeon.
You worshipped Vehumet.
Vehumet was aware of your devotion.
You visited 2 branches of the dungeon, and saw 8 of its levels.

You collected 287 gold pieces.

Inventory:

Missiles
 b - 193 stones
 q - 7 boomerangs (quivered)
 w - 20 poisoned darts
Armour
 c - a +1 robe (worn)
 d - a +0 pair of boots (worn)
 o - a +0 pair of gloves (worn)
Magical Staves
 a - a staff of conjuration (weapon)
Jewellery
 m - a ring of protection from fire (left hand)
 u - a ring of willpower (right hand)
Wands
 l - a wand of iceblast (7)
 v - a wand of mindburst (2)
Scrolls
 f - 2 scrolls of magic mapping
 g - 10 scrolls of teleportation
 j - 2 scrolls of vulnerability
 k - a scroll of brand weapon
 p - 5 scrolls of enchant weapon
Potions
 e - 2 potions of might
 h - a potion of mutation
 n - 2 potions of lignification {unknown}
 r - 2 potions of curing {unknown}
 s - 2 potions of heal wounds {unknown}
 t - a potion of flight {unknown}
 x - a potion of ambrosia {unknown}
 z - a potion of attraction {unknown}


   Skills:
 + Level 3.1 Fighting
 + Level 1.8(3.2) Maces & Flails
 + Level 4.2(4.4) Staves
 + Level 1.7 Throwing
 + Level 3.5 Dodging
 - Level 2.1 Stealth
 + Level 6.7 Spellcasting
 + Level 0.6 Conjurations
 + Level 0.8 Transmutations
 + Level 8.4 Earth Magic
 + Level 1.2 Evocations


You had 6 spell levels left.
You knew the following spells:

 Your Spells              Type           Power      Damage    Failure   Level
a - Sandblast             Erth           72%        2d16      1%          1
b - Passwall              Tmut/Erth      18%        N/A       2%          2
c - Stone Arrow           Conj/Erth      66%        3d11      5%          3
d - Lee's Rapid Deconstr  Erth           18%        3d12*     10%         5
e - Petrify               Tmut/Erth      22%        N/A       17%         4

Your spell library contained the following spells:

 Spells                   Type           Power      Damage    Failure   Level
 Foxfire                  Conj/Fire      40%        2x1d6     10%         1
 Animate Skeleton         Necr           12%        N/A       11%         1
 Apportation              Tloc           12%        N/A       11%         1
 Corona                   Hex            6%         N/A       11%         1
 Summon Small Mammal      Summ           24%        N/A       11%         1


Dungeon Overview and Level Annotations

Branches:
Dungeon (7/15)             Temple (1/1) D:4

Altars:
Dithmenos
Fedhas
Makhleb
Nemelex Xobeh
Trog
Uskayaw
Vehumet
Yredelemnul
The Shining One

Shops:
D:6 :


Innate Abilities, Weirdness & Mutations

Your stone body is resilient. (AC +6)
You are immune to poison.
You resist negative energy. (rN+)
You are resistant to electric shocks. (rElec)
You are resistant to unholy torment.
You can survive without breathing.
You are immune to petrification.


Message History

Vehumet accepts your kill.
Unknown command.
Unknown command.
Casting: Lee's Rapid Deconstruction (quite dangerous; 11% risk of failure)
Confirm with . or Enter, or press ? or * to list all spells.
Aiming: Sandblast (safe; 1% risk of failure)
Press: ? - help, Shift-Dir - straight line, f/p - black bear
Aim: a black bear (severely wounded, petrified, 0% to evade)
The blast of sand hits the black bear.
The black bear is almost dead.
b - 193 stones Unknown command.
A centaur comes into view.
The helpless black bear fails to defend itself.
You hit the black bear.
The black bear is almost dead.
The killer bee zombie hits you but does no damage.
The helpless black bear fails to defend itself.
You hit the black bear.
The black bear is almost dead.
The killer bee zombie hits you.
The centaur wields a +0 shortbow.
The centaur shoots an arrow.
The arrow hits you! The killer bee zombie hits you.
The helpless black bear fails to defend itself.
You hit the black bear.
You kill the black bear!
Vehumet accepts your kill.
The centaur shoots an arrow.
The arrow hits you.
The killer bee zombie barely misses you.
The centaur shoots an arrow.
The arrow hits you. The killer bee zombie misses you.
The centaur shoots an arrow.
The arrow hits you!
* * * LOW HITPOINT WARNING * * *
The killer bee zombie closely misses you.
There is a stone staircase leading up, spattered with blood here.
Unknown command.
You fade into invisibility!
The killer bee zombie barely misses you.
The centaur shoots an arrow.
The arrow hits you.
You die...

....... .......
....... .(.....
....... .......
....... ##.....#.
.......##........
.................
........Z....#
.......@....#
.......[...##
........(..#
#..##........ ..
............ .
.....!.c.##...
..........# ...
.......#... .#


You could see a centaur and a killer bee zombie.

Vanquished Creatures
  Pikel (D:5)
  Maggie (D:7)
  Menkaure (D:7)
  A sky beast (D:5)
  A black bear (D:7)
  A necrophage (D:6)
  2 phantoms
  2 centaurs (D:6)
  A bullfrog (D:6)
  3 scorpions
  A water moccasin skeleton (D:5)
  A centaur zombie (D:5)
  3 hounds
  2 jellies
  An orc priest (D:4)
  2 iguanas (D:5)
  2 orc wizards (D:6)
  A howler monkey zombie (D:6)
  4 adders
  2 gnolls
  A shadow imp (D:4)
  An ufetubus (D:4)
  2 adder skeletons
  3 dart slugs
  A worm (D:4)
  24 orcs
  A ball python (D:1)
  8 endoplasms
  A giant cockroach (D:2)
  5 goblins
  9 hobgoblins
  5 jackals
  5 kobolds
  8 quokkas
  10 bats
  5 frilled lizards
  3 rats
125 creatures vanquished.

Notes
Turn   | Place    | Note
-------+----------+-------------------------------------------
     0 | D:1      | mhtbhm the Gargoyle Earth Elementalist began the quest for
                  | the Orb.
     0 | D:1      | Reached XP level 1. HP: 10/10 MP: 3/3
   403 | D:1      | Reached skill level 4 in Earth Magic
   404 | D:1      | Reached XP level 2. HP: 15/15 MP: 0/5
   864 | D:1      | Learned a level 2 spell: Passwall
   927 | D:1      | Found a faded altar of an unknown god.
   955 | D:1      | Became a worshipper of the Shining One
   955 | D:1      | Reached * piety under the Shining One
  1204 | D:1      | Reached XP level 3. HP: 20/20 MP: 4/6
  2161 | D:2      | Reached XP level 4. HP: 24/24 MP: 7/7
  2165 | D:2      | Learned a level 3 spell: Stone Arrow
  2201 | D:2      | Noticed a phantom
  2218 | D:2      | Killed a phantom
  2219 | D:2      | Reached skill level 1 in Fighting
  2219 | D:2      | Reached skill level 1 in Maces & Flails
  2219 | D:2      | Reached skill level 5 in Earth Magic
  2219 | D:2      | Reached XP level 5. HP: 16/29 MP: 0/9
  2510 | D:2      | Found a bloodstained altar of Trog.
  4061 | D:4      | Reached skill level 1 in Staves
  4061 | D:4      | Reached XP level 6. HP: 34/34 MP: 2/10
  4067 | D:4      | Learned a level 5 spell: Lee's Rapid Deconstruction
  4265 | D:4      | Reached ** piety under the Shining One
  4746 | D:4      | Found a staircase to the Ecumenical Temple.
  4795 | Temple   | Entered the Ecumenical Temple
  4822 | Temple   | Fell from the grace of the Shining One
  4822 | Temple   | Became a worshipper of Vehumet
  5379 | D:5      | Entered Level 5 of the Dungeon
  5442 | D:5      | Reached XP level 7. HP: 40/40 MP: 8/12
  5668 | D:5      | Reached skill level 6 in Earth Magic
  5761 | D:5      | Found a shadowy altar of Dithmenos.
  5789 | D:5      | Noticed Pikel
  5853 | D:5      | Killed Pikel
  5854 | D:5      | Reached skill level 1 in Throwing
  5854 | D:5      | Reached skill level 5 in Spellcasting
  5854 | D:5      | Reached skill level 7 in Earth Magic
  5854 | D:5      | Reached skill level 1 in Evocations
  5854 | D:5      | Reached XP level 8. HP: 34/45 MP: 5/15
  6624 | D:6      | Reached * piety under Vehumet
  6624 | D:6      | Offered knowledge of Foxfire by Vehumet.
  6631 | D:6      | Learned a level 4 spell: Petrify
  6633 | D:6      | Learned a level 1 spell: Foxfire
  6774 | D:6      | Found Sudubb's Book Shop.
  7313 | D:6      | Reached XP level 9. HP: 23/49 MP: 18/18
  7676 | D:7      | Noticed Maggie
  7684 | D:7      | Noticed Menkaure
  7686 | D:7      | Killed Maggie
  7687 | D:7      | Reached skill level 8 in Earth Magic
  7883 | D:7      | Killed Menkaure
  7890 | D:7      | Shot with an arrow by a centaur

Illustrated notes

Levels and vault maps discovered:
D:1:      minmay_arrival_wavy_path, layout_basic,
          shapermc_ecumenical_altar_notcrosses
D:2:      minmay_evil_eye, layout_rooms, basic_altar, minmay_stone_trees_medium,
          minivault_14
D:3:      layout_basic
D:4:      layout_loops_ring, minmay_temple_entry_glassed_door,
          minmay_pentomino_pile
D:5:      layout_rooms, minmay_ruined_shrine, uniq_pikel
D:6:      layout_basic, serial_shops, shop, serial_park_tiny_2,
          minmay_misc_feat_five
D:7:      layout_cave_pools, elyvilon_altar_1, minivault_11, uniq_menkaure,
          uniq_maggie, uniq_duvessa
Temple:   regret_index_temple_sigil_plot

Skill      XL: |  1  2  3  4  5  6  7  8  9 |
---------------+----------------------------+-----
Earth Magic    | 4 5 7 8 |  8.4
Fighting       | 1 2 3 |  3.1
Maces & Flails | 1 |  1.8
Dodging        | 2 3 |  3.5
Spellcasting   | 3 5 6 |  6.7
Staves         | 1 2 3 4 |  4.2
Throwing       | 1 |  1.7
Evocations     | 1 |  1.2
Stealth        | |  2.1
Conjurations   | |  0.6
Transmutations | |  0.8

Action                   |  1- 3 |  4- 6 |  7- 9 || total
-------------------------+-------+-------+-------++-------
Melee: Unarmed           |    29 |       |       ||    29
       Club              |    51 |    67 |       ||   118
       Staff             |       |   114 |   108 ||   222
Throw: Dart              |       |       |    15 ||    15
       Boomerang         |       |       |     6 ||     6
 Cast: Sandblast         |    24 |    50 |    54 ||   128
       Stone Arrow       |       |     1 |     7 ||     8
       Lee's Rapid Decon |       |       |     6 ||     6
       Petrify           |       |       |     2 ||     2
Evoke: Wand              |       |     1 |     8 ||     9
  Use: Scroll            |     2 |     5 |     4 ||    11
       Potion            |       |       |     1 ||     1
 Stab: Petrified         |       |       |     3 ||     3
Armor: Robe              |    41 |    92 |    67 ||   200
Dodge: Dodged            |    61 |   160 |   103 ||   324

Table legend: (Time is in decaauts)
 A = Elapsed time spent in this place.
 B = Non-inter-level travel time spent in this place.
 C = Inter-level travel time spent in this place.
 D = Time resting spent in this place.
 E = Time spent auto-exploring this place.
 F = Levels seen in this place.
 G = Mean time per level.
                   A        B        C        D        E       F      G
               +--------+--------+--------+--------+--------+-----+--------+
         Total |   7933 |   7926 |      7 |   1650 |   4989 |   8 |  991.6 |
       Dungeon |   7883 |   7876 |      7 |   1650 |   4968 |   7 | 1126.1 |
        Temple |     49 |     49 |      0 |      0 |     21 |   1 |   49.0 |
               +--------+--------+--------+--------+--------+-----+--------+

Top non-repeatable levels by time:
     D:6: 1522 daAuts
     D:1: 1473 daAuts
     D:3: 1385 daAuts
     D:4: 1302 daAuts
     D:2: 1206 daAuts
     D:5: 966 daAuts
  Temple: 49 daAuts
     D:7: 25 daAuts
